 Dungeon Crawl Stone Soup version 0.24.0-1-gfbc8707122 (console) character file.

Game seed: 16578427207528258053, levelgen mode: deterministic

256 joemaro the Chopper (level 6, -3/55 HPs)
             Began as a Hill Orc Monk on Oct 25, 2019.
             Slain by an ogre
             ... wielding a +0 giant club
              (15 damage)
             ... on level 4 of the Dungeon.
             The game lasted 00:10:36 (2932 turns).

joemaro the Chopper (Hill Orc Monk)                 Turns: 2932, Time: 00:10:36

Health: -3/55      AC:  6    Str: 21    XL:     6   Next: 15%
Magic:  6/6        EV:  6    Int: 10    God:
Gold:   118        SH: 12    Dex: 13    Spells: 5/5 levels left

rFire    . . .     SeeInvis .   a - +0 hand axe
rCold    . . .     Gourm    .   f - +0 large shield
rNeg     . . .     Faith    .   g - +0 scale mail
rPois    .         Spirit   .   (no helmet)
rElec    .         Reflect  .   (no cloak)
rCorr    .         Harm     .   (no gloves)
MR       .....                  (no boots)
Stlth    +.........             (no amulet)
HPRegen  0.18/turn              (no ring)
MPRegen  0.10/turn              (no ring)

@: mighty, lethally poisoned (-3 -> -4)
A: no striking features
a: no special abilities


You were on level 4 of the Dungeon.
You were not hungry.

You visited 1 branch of the dungeon, and saw 5 of its levels.

You collected 118 gold pieces.

Inventory:

Hand Weapons
 a - a +0 hand axe (weapon)
Missiles
 e - 111 stones
 q - 5 boomerangs
 t - 10 poisoned darts (quivered)
Armour
 b - a +0 robe
 f - a +0 large shield (worn)
 g - a +0 scale mail (worn)
Scrolls
 c - 2 scrolls of remove curse {unknown}
 h - a scroll of teleportation {unknown}
 l - a scroll of fog {unknown}
 m - 2 scrolls of identify {unknown}
 s - a scroll of enchant armour {unknown}
Potions
 d - a potion of mutation {unknown}
 i - 2 potions of might
 j - a potion of agility {unknown}
 k - 2 potions of heal wounds {unknown}
 o - 2 potions of degeneration {unknown}
 r - a potion of curing {unknown}
Comestibles
 n - 8 chunks of flesh
 p - 5 rations


   Skills:
 + Level 4.8 Fighting
 * Level 6.2 Axes
 + Level 3.3 Dodging
 + Level 2.8 Stealth


You had 5 spell levels left.
You didn't know any spells.
Your spell library was empty.

Dungeon Overview and Level Annotations

Branches:
Dungeon (5/15)             Temple (0/1) D:5

Altars:
Trog


Message History

Your shield prevents you from hitting the worker ant.
The worker ant barely misses you. You block the ogre's attack.
The worker ant bites you but does no damage.
You slash the ogre!
You kill the ogre!
Your Axes skill increases to level 6!
You have reached level 6!
Your experience leads to an increase in your attributes!
Your base attributes are Str 15, Int 10, Dex 13.
Increase (S)trength, (I)ntelligence, or (D)exterity?
You feel stronger.
You slash the worker ant!
You kill the worker ant!
You feel sick. The ogre hits you with a +0 giant club!
* * * LOW HITPOINT WARNING * * *
You barely miss the ogre. You slash the ogre!
The ogre is heavily wounded.
You feel sick. The ogre hits you with a +0 giant club!
You die...

░░░░ ....░
.░ ░ .
.░.░░.░ ░
.░░ ...Z..░
░
..<.......
░ ░....O...
░ ░░.░..░..
░ .....░O░
░....░.░
░.░ ░.░
░O░░░░.░
░......░
░.░░░░░░
...░░░░░░.░
░....%@O.░
░..░░░░░░░


You could see an ogre.

Vanquished Creatures
  An ogre (D:4)
  2 worker ants (D:4)
  4 adders
  2 oozes
  2 worms (D:2)
  2 dart slugs
  3 leopard geckos
  An orc (D:2)
  5 giant cockroaches
  3 goblins
  5 hobgoblins
  14 jackals
  7 bats
  5 frilled lizards
  6 kobolds
  7 rats
69 creatures vanquished.

Notes
Turn   | Place    | Note
-------+----------+-------------------------------------------
     0 | D:1      | joemaro the Hill Orc Monk began the quest for the Orb.
     0 | D:1      | Reached XP level 1. HP: 19/19 MP: 1/1
   120 | D:1      | Reached XP level 2. HP: 23/27 MP: 2/2
   412 | D:1      | Reached XP level 3. HP: 33/33 MP: 3/3
  1222 | D:2      | Found a bloodstained altar of Trog.
  1428 | D:2      | Reached XP level 4. HP: 38/40 MP: 4/4
  1487 | D:2      | Reached skill level 5 in Axes
  2757 | D:3      | Reached XP level 5. HP: 47/47 MP: 5/5
  2767 | D:3      | You fall into a shaft and drop 2 floors!
  2767 | D:5      | Entered Level 5 of the Dungeon
  2767 | D:5      | Found a staircase to the Ecumenical Temple.
  2768 | D:5      | Noticed a centaur
  2908 | D:4      | Noticed an ogre
  2915 | D:4      | Noticed an ogre
  2930 | D:4      | Killed an ogre
  2930 | D:4      | Reached skill level 6 in Axes
  2930 | D:4      | Reached XP level 6. HP: 27/53 MP: 6/6
  2932 | D:4      | Slain by an ogre

Levels and vault maps discovered:
D:1:      dpeg_arrival_chambers_temple_mockup, layout_rooms, minivault_11
D:2:      minmay_alternating_diamond, layout_basic, lemuel_crystal_altar
D:3:      layout_loops_ring, first_ration
D:4:      layout_loops_cross, kennysheep_little_box, lemuel_round_altar,
          uniq_grinder
D:5:      minmay_skewed_foursquare, layout_rooms, grunt_qazlal_clouds,
          uniq_pikel

Skill      XL: |  1  2  3  4  5 |
---------------+----------------+-----
Fighting       | 4 |  4.8
Stealth        | 2 |  2.8
Axes           | 5 6 |  6.2
Dodging        | 3 |  3.3

Action                   |  1- 3 |  4- 6 || total
-------------------------+-------+-------++-------
Melee: Hand axe          |   148 |   140 ||   288
Throw: Dart              |       |     3 ||     3
  Use: Potion            |       |     1 ||     1
  Eat: Chunk             |     2 |     5 ||     7
Armor: Robe              |     4 |       ||     4
       Scale mail        |    53 |    67 ||   120
Dodge: Dodged            |    42 |    36 ||    78
Block: Large shield      |    84 |   107 ||   191
